 Dungeon Crawl Stone Soup version 0.26.0-11-g8f856b5395 (webtiles) character file.

Game seed: 12917968872029689100

122761 EnegeticOcto the Severer (level 16, -32/115 HPs)
             Began as a Gargoyle Fighter on Jan 15, 2021.
             Was the Champion of the Shining One.
             Killed from afar by Roxanne (54 damage)
             ... with a bolt of magma
             ... on level 1 of the Spider Nest.
             The game lasted 00:27:13 (30506 turns).

EnegeticOcto the Severer (Gargoyle Fighter)        Turns: 30506, Time: 00:27:14

Health: -32/115    AC: 39    Str: 27    XL:     16   Next: 88%
Magic:  18/25      EV:  8    Int: 14    God:    the Shining One [******]
Gold:   2258       SH: 41    Dex:  9    Spells: 15/15 levels left

rFire    . . .     SeeInvis .   a - +1 war axe (venom)
rCold    . . .     Faith    .   R - +10 tower shield of Ignorance {rN+ Int-4}
rNeg     + + +     Spirit   .   S - +4 plate armour of the Baker {rPois Str+6 Int+3}
rPois    ∞         Reflect  .   B - +2 helmet
rElec    +         Harm     .   A - +0 cloak
rCorr    +         Rampage  .   M - +0 pair of gloves
Will     +....                  e - +2 pair of boots
Stlth    ..........             n - amulet of magic regeneration
HPRegen  0.29/turn              D - +4 ring of protection
MPRegen  0.44/turn              v - ring of resist corrosion

@: divine shield, glowing
A: big wings, deformed body, mutation resistance 1, negative energy resistance
1, robust 1, electricity resistance, unbreathing, petrification resistance,
miasma immunity, AC +12
a: Fly, Renounce Religion, Divine Shield, Cleansing Flame, Summon Divine
Warrior, Brand Weapon With Holy Wrath


You were on level 1 of the Spider Nest.
You worshipped the Shining One.
The Shining One was exalted by your worship.
You visited 5 branches of the dungeon, and saw 25 of its levels.
You also visited: Sewer.

You collected 2434 gold pieces.
You spent 176 gold pieces at shops.

Inventory:

Hand Weapons
 a - a +1 war axe of venom (weapon)
 b - the +3 mace of Circular Logic {freeze, +Fly rElec}
   (You found it on level 6 of the Dungeon)

   It has been specially enchanted to freeze those struck by it, causing extra
   injury to most foes and up to half again as much damage against particularly
   susceptible opponents.
   It can also slow down cold-blooded creatures.
   It insulates you from electricity.
   It lets you fly.
Missiles
 p - 9 throwing nets (quivered) {!f}
 L - 6 curare-tipped darts
Armour
 e - a +2 pair of boots (worn)
   (You found it on level 4 of the Dungeon)
 l - a +3 chain mail of fire resistance
   (You took it off an orc warlord on level 1 of the Orcish Mines)
 A - a +0 cloak (worn)
   (You took it off Crazy Yiuf on level 6 of the Dungeon)
 B - a +2 helmet (worn)
   (You found it on level 6 of the Dungeon)
 M - a +0 pair of gloves (worn)
   (You found it on level 4 of the Lair of Beasts)
 Q - a +0 helmet of intelligence
   (You found it on level 11 of the Dungeon)
 R - the +10 tower shield of Ignorance (worn) {rN+ Int-4}
   (You found it on level 11 of the Dungeon)

   It affects your intelligence (-4).
   It protects you from negative energy.
 S - the +4 plate armour of the Baker (worn) {rPois Str+6 Int+3}
   (You found it on level 14 of the Dungeon)

   It affects your strength (+6).
   It affects your intelligence (+3).
   It protects you from poison.
Jewellery
 n - an amulet of magic regeneration (around neck)
   (You found it on level 2 of the Dungeon)
 v - a ring of resist corrosion (right hand)
   (You found it on level 5 of the Dungeon)
 w - an uncursed ring of fire
   (You found it on level 5 of the Dungeon)
 D - a +4 ring of protection (left hand)
   (You took it off a centaur on level 10 of the Dungeon)
Wands
 c - a wand of acid (7) {@v1}
   (You found it on level 13 of the Dungeon)
 F - a wand of enslavement (18)
   (You took it off an orc wizard on level 10 of the Dungeon)
 G - a wand of flame (6) {@v4}
   (You found it on level 6 of the Lair of Beasts)
 K - a wand of iceblast (28) {@v2}
   (You found it on level 1 of the Lair of Beasts)
 P - a wand of polymorph (14)
   (You found it on level 3 of the Lair of Beasts)
Scrolls
 f - 8 scrolls of teleportation {@r3 !r}
 h - 13 scrolls of remove curse {@r2}
 k - 5 scrolls of blinking {@r4}
 o - 2 scrolls of fog {!r}
 q - 3 scrolls of magic mapping {@r5 !r}
 t - 4 scrolls of fear {!r}
 x - 6 scrolls of enchant armour
 y - 10 scrolls of identify {@r1}
 z - 5 scrolls of amnesia
 H - 4 scrolls of enchant weapon
 O - a scroll of immolation
Potions
 d - 5 potions of might {@q3 !q}
 g - 2 potions of berserk rage
 i - 6 potions of heal wounds {@q2 !q}
 j - 8 potions of mutation
 m - 9 potions of haste {@q4 !q}
 r - 5 potions of magic
 s - 5 potions of flight
 u - 4 potions of brilliance
 C - 2 potions of lignification {@q6}
 E - 2 potions of resistance
 I - 3 potions of attraction
 J - 6 potions of curing {@q1 !q}
 N - 2 potions of ambrosia
Miscellaneous
 T - a tin of tremorstones (2/2)
   (You found it on level 1 of the Spider Nest)


   Skills:
 + Level 13.8 Fighting
 * Level 15.8 Axes
 - Level 10.8 Armour
 - Level 6.0 Dodging
 + Level 13.8 Shields
 + Level 12.7 Invocations


You had 15 spell levels left.
You didn't know any spells.
Your spell library contained the following spells:

 Spells                   Type           Power        Failure   Level
 Animate Skeleton         Necr           0%           100%        1
 Apportation              Tloc           0%           100%        1
 Corona                   Hex            0%           100%        1
 Foxfire                  Conj/Fire      0%           100%        1
 Pain                     Necr           0%           100%        1
 Sandblast                Erth           0%           100%        1
 Summon Small Mammal      Summ           0%           100%        1
 Corpse Rot               Necr/Air       N/A          100%        2
 Passwall                 Tmut/Erth      0%           100%        2
 Poisonous Vapours        Pois/Air       0%           100%        2
 Conjure Flame            Conj/Fire      0%           100%        3
 Inner Flame              Hex/Fire       0%           100%        3
 Mephitic Cloud           Conj/Pois/Air  0%           100%        3
 Stone Arrow              Conj/Erth      0%           100%        3
 Vampiric Draining        Necr           0%           100%        3
 Animate Dead             Necr           0%           100%        4
 Dispel Undead            Necr           0%           100%        4
 Petrify                  Tmut/Erth      0%           100%        4
 Sticky Flame             Conj/Fire      0%           100%        4
 Agony                    Necr           0%           100%        5
 Excruciating Wounds      Necr           0%           100%        5
 Fireball                 Conj/Fire      0%           100%        5
 Lee's Rapid Deconstruct  Erth           0%           100%        5
 Freezing Cloud           Conj/Ice/Air   0%           100%        6
 Sublimation of Blood     Necr           Unusable     N/A         2

Dungeon Overview and Level Annotations

Branches:
Dungeon (15/15)            Temple (1/1) D:4            Lair (6/6) D:10
 Shoals (0/4) Lair:3       Spider (1/4) Lair:3        Slime (0/5) Lair:5
    Orc (2/2) D:9             Elf (0/3) Orc:2        Vaults (0/5) D:13
 Depths (0/5) D:15          Sewer (visited)

Altars:
Ashenzari
Cheibriados
Dithmenos
Fedhas
Kikubaaqudgha
Makhleb
Nemelex Xobeh
Okawaru
Qazlal
Uskayaw
Vehumet
Wu Jian
The Shining One
Beogh

Shops:
D:10 *   D:14 }   D:15 =   Orc:1 ?   Orc:2 ::(!

Portals:
Trove: D:12 (show abyssal rune of Zot)

Annotations:
D:3 2 transporters
Lair:5 1 runed translucent door, Lemeiq's ghost, journeyman DDDe
Spider:1 Roxanne


Innate Abilities, Weirdness & Mutations

You are resistant to torment.
Your stone body is resilient. (AC +12)
You are immune to poison.
Your large and strong wings let you fly indefinitely.
You resist negative energy. (rN+)
You are resistant to electric shocks. (rElec)
You can survive without breathing.
You are immune to petrification.
You are immune to miasma.
Armour fits poorly on your strangely shaped body.
You are somewhat resistant to further mutation.
You are robust. (+10% HP)


Message History

You resist.
The golden flame engulfs the wolf spider!!
You kill the wolf spider!
The golden flame engulfs Roxanne!
Roxanne is moderately damaged.
The golden flame engulfs the entropy weaver!
The entropy weaver is almost dead.
You block the entropy weaver's attack. x3
The entropy weaver closely misses you.
Roxanne asks, "Say, could you scratch my back for me?"
Roxanne casts a spell.
The iron shot hits you!
The entropy weaver casts a spell at you.
The golden flame engulfs you but does no damage.
You resist.
The golden flame engulfs Roxanne!!
Roxanne is moderately damaged.
The golden flame engulfs the entropy weaver!!
You kill the entropy weaver!
You hear an angry buzzing noise.
You hit Roxanne but do no damage.
Roxanne is moderately damaged.
You hit Roxanne but do no damage.
Roxanne is moderately damaged.
You hit Roxanne.
Roxanne is moderately damaged.
You hit Roxanne but do no damage.
Roxanne is moderately damaged.
You hit Roxanne but do no damage.
Roxanne is moderately damaged.
A hornet comes into view.
You hit Roxanne.
Roxanne is moderately damaged.
You slice Roxanne!!
Roxanne is heavily damaged.
You hit Roxanne.
Roxanne is heavily damaged.
You hit Roxanne.
Roxanne is heavily damaged.
You slash Roxanne!
Roxanne is severely damaged.
You slash Roxanne!
Roxanne is severely damaged.
You closely miss the hornet. You block the hornet's attack.
Roxanne mumbles some strange words.
The crystal spear misses you.
You hit Roxanne but do no damage.
Roxanne is severely damaged.
You hit the hornet but do no damage. You block the hornet's attack.
You hit Roxanne.
Roxanne is severely damaged.
You barely miss the hornet. You block the hornet's attack.
Roxanne mumbles some strange words.
The crystal spear hits you!!
You hit Roxanne but do no damage.
Roxanne is severely damaged.
You hit the hornet.
The hornet is poisoned.
You block the hornet's attack. x2
You hit Roxanne but do no damage.
Roxanne is severely damaged.
You slash the hornet!
The hornet looks as sick as possible!
You kill the hornet!
Roxanne casts a spell.
The bolt of magma hits you.
You hit Roxanne but do no damage.
Roxanne is severely damaged.
You slice Roxanne!!
Roxanne is almost destroyed.
You hit Roxanne but do no damage.
Roxanne is almost destroyed.
You hit Roxanne but do no damage.
Roxanne is almost destroyed.
Roxanne mumbles some strange words.
The crystal spear hits you!!!
* * * LOW HITPOINT WARNING * * *
You are too injured to fight recklessly!
You are too injured to fight recklessly!
You are too injured to fight recklessly!
You are too injured to fight recklessly!
You are too injured to fight recklessly!
You are too injured to fight recklessly!
You are too injured to fight recklessly!
You are too injured to fight recklessly!
You are too injured to fight recklessly!
You are too injured to fight recklessly!
You are too injured to fight recklessly!
You are too injured to fight recklessly!
You are too injured to fight recklessly!
You are too injured to fight recklessly!
You are too injured to fight recklessly!
You are too injured to fight recklessly!
You are too injured to fight recklessly!
You are too injured to fight recklessly!
You are too injured to fight recklessly!
You are too injured to fight recklessly!
You are too injured to fight recklessly!
The golden flame engulfs you but does no damage.
The golden flame engulfs Roxanne!!
Roxanne is almost destroyed.
Roxanne casts a spell.
The bolt of magma hits you!!!
You die...

.......##^..#
^.##..##........ ###...
.##...#....#....#...#.
##...##(.##.###...... .
#...##........#.....##..
##..#...#.......#.......
.#..#.......#.........
............#....8.#
..##...####.##..@..#...
....#.#......#..†.....#
#.(..........#...##.....
..........##......# ...#
.#...#...†....##....#...
#....#####............##
#..### ####.....#....
....# ##..#.#...#.#..
....# #.......... #..


You could see Roxanne.

Vanquished Creatures
  A tentacled monstrosity (D:14)
  Rupert (Lair:5)
  Kirke (Lair:5)
  An orc warlord (Orc:1)
  An emperor scorpion (Spider:1)
  A very ugly thing (D:14)
  Nessos (D:12)
  The ghost of Kapsuk the Devastator, a journeyman DECj of Sif Muna (D:14)
  An entropy weaver (Spider:1)
  2 ettins
  Josephine (Lair:6)
  Snorg (Lair:3)
  Fannar (D:11)
  4 ogre magi
  Erolcha (Orc:2)
  Harold (D:8)
  6 boulder beetles
  7 hydras
  2 catoblepae
  3 centaur warriors
  8 two-headed ogres
  A death knight (D:13)
  A queen ant (Lair:2)
  3 death yaks (Lair:6)
  5 tengu warriors
  Urug (D:12)
  Sonja (Lair:5)
  5 skeletal warriors (D:15)
  A lindwurm (D:13)
  Pikel (D:9)
  3 orc knights
  A deep elf mage (D:15)
  2 wolf spiders (Spider:1)
  3 orb spiders
  13 orc sorcerers
  A manticore (D:12)
  4 ugly things
  4 cyclopes
  A shining eye (shapeshifter) (D:13)
  13 elephants
  Psyche (D:9)
  9 black mambas
  2 large abominations (D:14)
  A torpor snail (Spider:1)
  2 cane toads (shapeshifter)
  3 gargoyles
  4 demonic crawlers
  A rime drake (Lair:5)
  4 centaur skeletons
  6 cane toads
  8 kobold demonologists
  A komodo dragon (shapeshifter) (D:15)
  8 komodo dragons
  2 freezing wraiths (D:14)
  2 tengu conjurers
  An efreet (D:14)
  3 polar bears
  4 trolls
  3 jumping spiders (Spider:1)
  2 harpy skeletons
  12 blink frogs
  7 slime creatures (D:15)
  A snapping turtle (Lair:3)
  4 hornets
  A centaur simulacrum (D:15)
  9 redbacks (Spider:1)
  3 shadows
  4 tarantellas (Spider:1)
  A vampire (D:15)
  6 wyverns
  58 yaks
  9 wraiths
  A neqoxec (D:14)
  7 basilisks
  3 hogs (Lair:5)
  A chaos spawn (D:14)
  Grum (D:10)
  4 vampire mosquitoes (D:15)
  6 soldier ants
  7 water moccasins
  Edmund (D:6)
  2 wargs (Orc:2)
  An acid dragon (D:14)
  Duvessa (D:7)
  3 sky beasts
  5 ice beasts
  27 orc warriors
  2 eyes of draining (D:11)
  4 necrophages
  4 black bears
  3 phantoms
  24 ogres
  16 wolves
  10 centaurs
  35 bullfrogs
  5 small abominations (D:14)
  12 big kobolds
  4 gnoll sergeants
  2 wyvern zombies
  Dowan (D:7)
  8 scorpions
  6 killer bees (D:9)
  34 wights
  An electric eel (Lair:5)
  2 howler monkeys
  3 bullfrog zombies
  2 quasits
  3 centaur zombies
  12 jellies
  5 hounds
  Crazy Yiuf (D:6)
  17 orc priests
  5 iguanas
  31 orc wizards
  2 bullfrog skeletons
  29 worker ants
  A killer bee zombie (D:10)
  A worker ant zombie (D:9)
  Robin (D:3)
  27 gnolls
  16 adders
  A shadow imp (D:10)
  19 white imps
  6 ufetubi
  7 oozes
  2 adder skeletons
  5 worms
  2 dart slugs
  5 leopard geckos
  79 orcs
  4 ball pythons
  9 bats
  5 giant cockroaches
  15 goblins
  11 hobgoblins
  12 jackals
  38 kobolds
  5 quokkas
  5 frilled lizards
  A jackal skeleton (D:7)
  A leopard gecko skeleton (D:5)
  A leopard gecko zombie (D:7)
  14 rats
938 creatures vanquished.

Vanquished Creatures (others)
  An orc (Orc:2)
  55 fungi
  56 plants
  9 withered plants
121 creatures vanquished.

Grand Total: 1059 creatures vanquished

Notes
Turn   | Place    | Note
-------+----------+-------------------------------------------
     0 | D:1      | EnegeticOcto the Gargoyle Fighter began the quest for the
                  | Orb.
     0 | D:1      | Reached XP level 1. HP: 14/14 MP: 1/1
   163 | D:1      | Reached skill level 2 in Axes
   187 | D:1      | Reached XP level 2. HP: 16/19 MP: 2/2
   762 | D:1      | Reached XP level 3. HP: 23/23 MP: 3/3
  1229 | D:2      | Reached XP level 4. HP: 27/29 MP: 4/4
  1771 | D:3      | Found a transporter.
  1778 | D:3      | Found a transporter.
  1792 | D:3      | Reached skill level 3 in Axes
  1809 | D:3      | Noticed Robin
  1812 | D:3      | Reached skill level 4 in Fighting
  1816 | D:3      | Killed Robin
  1817 | D:3      | Reached skill level 4 in Armour
  1822 | D:3      | Reached XP level 5. HP: 18/33 MP: 5/5
  1838 | D:3      | Reached skill level 4 in Shields
  2743 | D:4      | Noticed an ogre
  2746 | D:4      | Noticed an ogre
  2756 | D:4      | Killed an ogre
  2757 | D:4      | Reached XP level 6. HP: 23/39 MP: 6/6
  2762 | D:4      | Reached skill level 4 in Axes
  2767 | D:4      | Found a snail-covered altar of Cheibriados.
  2821 | D:4      | Found a staircase to the Ecumenical Temple.
  2830 | Temple   | Entered the Ecumenical Temple
  2837 | Temple   | Became a worshipper of the Shining One
  3078 | D:4      | Found a glowing drain.
  3107 | Sewer    | Entered a sewer
  3316 | Sewer    | Reached XP level 7. HP: 44/44 MP: 7/7
  3790 | D:5      | Entered Level 5 of the Dungeon
  3804 | D:5      | Reached skill level 5 in Fighting
  3806 | D:5      | Reached skill level 5 in Armour
  3806 | D:5      | Reached skill level 5 in Shields
  3824 | D:4      | Reached skill level 5 in Axes
  4126 | D:5      | Reached * piety under the Shining One
  4140 | D:5      | Reached XP level 8. HP: 41/50 MP: 8/8
  4750 | D:6      | Reached skill level 1 in Invocations
  4835 | D:6      | Reached skill level 6 in Axes
  4882 | D:6      | Reached skill level 6 in Fighting
  4892 | D:6      | Noticed Edmund
  4904 | D:6      | Killed Edmund
  4905 | D:6      | Reached skill level 6 in Armour
  4905 | D:6      | Reached skill level 2 in Invocations
  4917 | D:6      | Reached skill level 6 in Shields
  5023 | D:6      | Reached ** piety under the Shining One
  5024 | D:6      | Reached XP level 9. HP: 55/55 MP: 10/10
  5432 | D:6      | Reached skill level 3 in Invocations
  5547 | D:6      | Found a runed translucent door.
  5548 | D:6      | Noticed Crazy Yiuf
  5554 | D:6      | Paralysed by Crazy Yiuf for 6 turns
  5571 | D:6      | Killed Crazy Yiuf
  5778 | D:7      | Reached skill level 7 in Axes
  6299 | D:7      | Noticed Dowan
  6300 | D:7      | Noticed Duvessa
  6311 | D:7      | Killed Duvessa
  6315 | D:7      | Killed Dowan
  6641 | D:7      | Reached skill level 4 in Invocations
  6818 | D:7      | Reached *** piety under the Shining One
  6825 | D:7      | Reached skill level 7 in Fighting
  6839 | D:7      | Reached skill level 7 in Shields
  6965 | D:7      | Reached skill level 7 in Armour
  7239 | D:8      | Reached XP level 10. HP: 63/63 MP: 13/13
  7313 | D:8      | Reached skill level 8 in Axes
  7633 | D:8      | Noticed Harold
  7655 | D:8      | Killed Harold
  7656 | D:8      | Reached skill level 5 in Invocations
  7727 | D:8      | Found a burning altar of Makhleb.
  7936 | D:9      | Noticed Pikel
  7959 | D:9      | Killed Pikel
  8006 | D:9      | Reached skill level 8 in Fighting
  8146 | D:9      | Noticed Psyche
  8152 | D:9      | Paralysed by Psyche for 7 turns
  8164 | D:9      | Paralysed by Psyche for 2 turns
  8168 | D:9      | Paralysed by Psyche for 2 turns
  8172 | D:9      | Killed Psyche
  8173 | D:9      | Reached skill level 9 in Axes
  8173 | D:9      | Reached skill level 8 in Armour
  8173 | D:9      | Reached skill level 8 in Shields
  8302 | D:9      | Found a staircase to the Orcish Mines.
  8337 | D:9      | Reached XP level 11. HP: 54/68 MP: 15/15
  8344 | D:9      | Reached skill level 6 in Invocations
  8617 | D:9      | Reached **** piety under the Shining One
  8792 | D:9      | Found a stormy altar of Qazlal.
  9378 | D:6      | Identified the +3 mace of Circular Logic {freeze, +Fly
                  | rElec} (You found it on level 6 of the Dungeon)
  9474 | D:10     | Entered Level 10 of the Dungeon
  9488 | D:10     | Found Kuifutaz's Assorted Antiques.
  9493 | D:10     | Bought an encrusted ruby ring for 130 gold pieces
  9493 | D:10     | Bought 2 purple potions for 46 gold pieces
  9859 | D:10     | Reached ***** piety under the Shining One
  9920 | D:10     | Reached skill level 10 in Axes
 10225 | D:10     | Found a staircase to the Lair.
 10234 | D:10     | Reached skill level 9 in Shields
 10235 | D:10     | Reached skill level 9 in Fighting
 10239 | D:10     | Reached skill level 9 in Armour
 10302 | D:10     | Noticed Grum
 10312 | D:10     | Reached skill level 7 in Invocations
 10332 | D:10     | Killed Grum
 10709 | D:11     | Noticed Fannar
 10730 | D:11     | HP: 3/71 [Fannar/refrigeration (31)]
 11017 | Lair:1   | Entered Level 1 of the Lair of Beasts
 11216 | Lair:1   | Reached XP level 12. HP: 68/76 MP: 17/17
 11255 | Lair:1   | Noticed a four-headed hydra
 11285 | Lair:1   | Killed a four-headed hydra
 12030 | Lair:1   | Reached skill level 11 in Axes
 12292 | Lair:1   | Reached skill level 8 in Invocations
 12456 | Lair:1   | Noticed a five-headed hydra
 12468 | Lair:1   | Killed a five-headed hydra
 12664 | Lair:2   | Reached skill level 10 in Shields
 12795 | Lair:2   | Reached skill level 10 in Fighting
 12799 | Lair:2   | Reached skill level 10 in Armour
 13302 | Lair:2   | Noticed a queen ant
 13325 | Lair:2   | Killed a queen ant
 13448 | Lair:2   | Reached XP level 13. HP: 82/82 MP: 19/19
 13947 | Lair:3   | Found a staircase to the Shoals.
 14343 | Lair:3   | Reached skill level 9 in Invocations
 14424 | Lair:3   | Found a hole to the Spider Nest.
 14442 | Lair:3   | Reached skill level 12 in Axes
 14528 | Lair:3   | You fall into a shaft and drop 3 floors!
 14528 | Lair:6   | Entered Level 6 of the Lair of Beasts
 15617 | Lair:6   | Reached skill level 11 in Shields
 15881 | Lair:6   | Noticed Josephine
 15888 | Lair:6   | Reached skill level 11 in Fighting
 15896 | Lair:6   | Killed Josephine
 15897 | Lair:6   | Reached skill level 1 in Dodging
 15977 | Lair:6   | HP: 3/84 [catoblepas/blast of calcifying dust (9)]
 16466 | Lair:6   | The Shining One protects you from harm!
 17168 | Lair:6   | Identified the +2 mace of Yneang {freeze, *Contam +Fly
                  | rElec rPois Stlth+} (You found it on level 6 of the Lair of
                  | Beasts)
 17279 | Lair:6   | Reached skill level 2 in Dodging
 17284 | Lair:6   | Gained mutation: Your large and strong wings let you fly
                  | indefinitely. [Gargoyle growth]
 17284 | Lair:6   | Reached XP level 14. HP: 80/90 MP: 21/21
 17569 | Lair:5   | Noticed Kirke
 17580 | Lair:5   | Killed Kirke
 17581 | Lair:5   | Reached skill level 13 in Axes
 17581 | Lair:5   | Reached skill level 10 in Invocations
 17676 | Lair:5   | Found a staircase to the Slime Pits.
 17694 | Lair:5   | Found a hide-covered altar of Uskayaw.
 17695 | Lair:5   | Found an ornate altar of the Wu Jian Council.
 17896 | Lair:5   | Found an ancient bone altar of Kikubaaqudgha.
 17909 | Lair:5   | Noticed Sonja
 17912 | Lair:5   | Found a runed translucent door.
 17915 | Lair:5   | Noticed Lemeiq's ghost (journeyman DDDe)
 17933 | Lair:5   | Killed Sonja
 18566 | Lair:5   | Noticed Rupert
 18585 | Lair:5   | Killed Rupert
 18586 | Lair:5   | Reached skill level 3 in Dodging
 19790 | Lair:3   | Noticed Snorg
 19809 | Lair:3   | Killed Snorg
 20338 | D:11     | Killed Fannar
 20888 | D:11     | Found an iron altar of Okawaru.
 20896 | D:11     | Reached skill level 12 in Shields
 20908 | D:11     | Found the +10 tower shield of Ignorance {rN+ Int-4}
 21295 | D:11     | Reached skill level 12 in Fighting
 22265 | D:12     | Reached skill level 4 in Dodging
 22457 | D:12     | Noticed Urug
 22475 | D:12     | Killed Urug
 22557 | D:12     | Reached XP level 15. HP: 96/96 MP: 23/23
 22651 | D:12     | Got a bound silver ring
 22685 | D:12     | Found a shadowy altar of Dithmenos.
 22693 | D:12     | Noticed Nessos
 22730 | D:12     | Killed Nessos
 22731 | D:12     | Reached skill level 11 in Invocations
 22882 | D:12     | Found a portal to a secret trove of treasure.
 23637 | D:12     | Identified the ring "Lived" {rPois rN+++ Str+6 Int+4 Dex-4}
                  | (You found it on level 12 of the Dungeon)
 23692 | D:13     | Reached skill level 14 in Axes
 23825 | Orc:1    | Entered Level 1 of the Orcish Mines
 23865 | Orc:1    | Found Nijew's Magic Scroll Boutique.
 23909 | Orc:1    | Found a roughly hewn altar of Beogh.
 23922 | Orc:1    | Noticed an orc warlord
 23956 | Orc:1    | Killed an orc warlord
 24489 | Orc:2    | Entered Level 2 of the Orcish Mines
 24587 | Orc:2    | Found a frozen archway.
 24595 | Orc:2    | Reached ****** piety under the Shining One
 24596 | Orc:2    | Found a staircase to the Elven Halls.
 24630 | Orc:2    | Reached skill level 5 in Dodging
 24888 | Orc:2    | Found a gate leading to a gauntlet.
 25048 | Orc:2    | Found an ancient bone altar of Kikubaaqudgha.
 25064 | Orc:2    | Found Ixud's Book Shop.
 25084 | Orc:2    | Noticed Erolcha
 25103 | Orc:2    | Killed Erolcha
 25107 | Orc:2    | Found a radiant altar of Vehumet.
 25329 | Orc:2    | Found a roughly hewn altar of Beogh.
 25329 | Orc:2    | Found Ycvocvap's Distillery.
 25366 | Orc:2    | Found Afonievi's Antique Weapon Boutique.
 25388 | Orc:2    | Found Feant's Book Shop.
 26785 | D:13     | Found a gate to the Vaults.
 27031 | D:14     | Got an encrusted plate armour
 27041 | D:14     | Identified the +4 plate armour of the Baker {rPois Str+6
                  | Int+3} (You found it on level 14 of the Dungeon)
 27112 | D:14     | Found Nuteovvops's Gadget Emporium.
 27135 | D:14     | Found a runed translucent door.
 27280 | D:14     | Noticed a tentacled monstrosity
 27295 | D:14     | Killed a tentacled monstrosity
 27296 | D:14     | Reached skill level 13 in Fighting
 27308 | D:14     | Reached skill level 13 in Shields
 27315 | D:14     | Reached XP level 16. HP: 62/104 MP: 24/24
 27667 | D:14     | Gained mutation: You are clumsy. (Dex -2) [a neqoxec]
 27672 | D:14     | Gained mutation: You are frail. (-10% HP) [a neqoxec]
 27674 | D:14     | Gained mutation: You are very frail. (-20% HP) [a neqoxec]
 27714 | D:14     | Lost mutation: You are very frail. (-20% HP) [potion of
                  | mutation]
 27714 | D:14     | Lost mutation: You are clumsy. (Dex -2) [potion of
                  | mutation]
 27714 | D:14     | Lost mutation: You are frail. (-10% HP) [potion of
                  | mutation]
 27714 | D:14     | Gained mutation: You are robust. (+10% HP) [potion of
                  | mutation]
 27714 | D:14     | Gained mutation: Armour fits poorly on your strangely
                  | shaped body. [potion of mutation]
 27714 | D:14     | Gained mutation: You are somewhat resistant to further
                  | mutation. [potion of mutation]
 27875 | D:15     | Entered Level 15 of the Dungeon
 27890 | D:15     | Found a snail-covered altar of Cheibriados.
 28039 | D:15     | Reached skill level 6 in Dodging
 28084 | D:15     | Reached skill level 15 in Axes
 28084 | D:15     | Reached skill level 12 in Invocations
 28303 | D:14     | Found a blossoming altar of Fedhas.
 28477 | D:14     | Found a runed translucent gate.
 28477 | D:14     | Found a runed translucent gate.
 28477 | D:14     | Found a runed translucent gate.
 28477 | D:14     | Noticed Kapsuk's ghost (journeyman DECj)
 28619 | D:14     | Killed Kapsuk's ghost
 28626 | D:14     | Identified the +1 ice dragon scales "Retwitsourhu" {-Tele
                  | rElec rPois rF- rC++ rN+} (You found it on level 14 of the
                  | Dungeon)
 28772 | D:15     | Found a staircase to the Depths.
 29137 | D:15     | Found Naomnanto's Jewellery Boutique.
 29974 | Spider:1 | Entered Level 1 of the Spider Nest
 30457 | Spider:1 | Noticed Roxanne
 30506 | Spider:1 | Killed from afar by Roxanne

Illustrated notes

Levels and vault maps discovered:
D:1:      ebering_trefoil_twist, layout_loops_corners
D:2:      layout_basic
D:3:      gammafunk_steamed_eel, layout_basic, hangedman_decor_opposing,
          grunt_ministairs_10, uniq_robin
D:4:      layout_rooms, minmay_temple_entry_poolview, portal_sewer_entry_d,
          cheibriados_altar_1
D:5:      layout_rooms
D:6:      layout_rooms, serial_glass, glass_columns_b, glass_columns_b,
          glass_columns_c, glass_columns_a, uniq_edmund, uniq_crazy_yiuf_cottage
D:7:      layout_basic, uniq_duvessa
D:8:      layout_rooms, kennysheep_little_box, minmay_three_doors, uniq_harold
D:9:      layout_loops_corners, orc_0_dummy, serial_undead, serial_undead_f,
          serial_undead_c, serial_undead_e, serial_undead_c, basic_altar,
          uniq_pikel, uniq_psyche
D:10:     layout_loops_corners, david_lair_generic, serial_shops,
          nicolae_shop_trees, uniq_grum
D:11:     evilmike_iron_armoury, layout_layer_cave, uniq_fannar
D:12:     layout_layer_cave, enter_trove_2, hangedman_abyss_or_decor_clamps,
          st_stairs_8, nicolae_dithmenos_shadow_blocks, uniq_urug, uniq_nessos
D:13:     layout_stronghold, david_vaults_4
D:14:     cheibrodos_body_horror, layout_loops_ring, fedhas_altar_4,
          gammafunk_ghost_spectres, serial_shops, shop,
          hangedman_abyss_or_decor_stabs
D:15:     hangedman_depths_entry_civil_slaughter, layout_stronghold,
          basic_altar, serial_shops, shop_statue, minivault_23,
          chequers_serial_rivers_micro_b
Temple:   regret_index_temple_sigil_plot
Lair:1:   cheibrodos_lair_river_kwai, layout_chaotic_city, grunt_megastairs_1
Lair:2:   layout_misc_corridors, minmay_another_anthill, grunt_megastairs_5
Lair:3:   layout_cave_shapes, minmay_shoals_entry_hut,
          nicolae_spider_entry_orb_guardian, grunt_forest_small_clearing_treed,
          lemuel_fruit_tree, uniq_snorg
Lair:4:   layout_loops_ring
Lair:5:   layout_hall_layers, nicolae_slime_entry_slimehenge,
          gammafunk_ghost_grave, basic_altar, nzn_masters_of_martial_movement,
          serial_bayou_shore_a, grunt_megastairs_3, uniq_sonja, uniq_rupert,
          uniq_kirke
Lair:6:   due_jungle_book, layout_regular_city, infiniplex_staircase_pool_2,
          uniq_josephine
Spider:1: layout_spider_delve, uniq_roxanne
Orc:1:    layout_caves, serial_shops,
          nicolae_shop_temple_entry_statues_fountains, mines1_david
Orc:2:    kennysheep_orc_mage_school, layout_caves, gauntlet_entry_generic,
          portal_ice_cave_entry_imps

Skill      XL: |  1  2  3  4  5  6  7  8  9 10 11 12 13 14 15 16 |
---------------+-------------------------------------------------+-----
Axes           | 2 3 4 5 6 7 9 10 11 12 13 14 15 | 15.8
Fighting       | 4 5 6 7 8 9 10 11 12 13 | 13.8
Armour         | 4 5 6 7 8 9 10 | 10.8
Shields        | 4 5 6 7 8 9 10 11 12 13 | 13.8
Invocations    | 2 4 5 7 8 9 10 11 12 | 12.7
Dodging        | 2 4 5 6 |  6.0

Action                   |  1- 3 |  4- 6 |  7- 9 | 10-12 | 13-15 | 16-18 || total
-------------------------+-------+-------+-------+-------+-------+-------++-------
Melee: War axe           |   141 |   262 |   454 |   920 |  1536 |   544 ||  3857
       Mace              |       |       |       |    16 |    31 |    19 ||    66
Throw: Throwing net      |       |       |       |     2 |       |       ||     2
Invok: Divine Shield     |       |       |     1 |     5 |    10 |     1 ||    17
       Cleansing Flame   |       |       |       |       |    13 |     7 ||    20
Evoke: Wand              |       |       |       |       |     3 |       ||     3
  Use: Scroll            |       |    10 |    10 |     8 |    10 |     1 ||    39
       Potion            |       |       |       |     2 |     2 |     1 ||     5
Armor: Scale mail        |    97 |   165 |    12 |       |       |       ||   274
       Chain mail        |       |       |   243 |   603 |   611 |       ||  1457
       Plate armour      |       |       |       |       |    81 |   182 ||   263
Dodge: Dodged            |    65 |    75 |    98 |   196 |   278 |    57 ||   769
Block: Kite shield       |    89 |   138 |   254 |   757 |   574 |       ||  1812
       Tower shield      |       |       |       |       |   811 |   604 ||  1415
